[Event "CZE-ch Open 2018"]
[Site "Ostrava"]
[Date "2018.05.05"]
[Round "8"]
[White "Cerveny, Petr"]
[Black "Stepan, Patrik"]
[Result "1-0"]
[ECO "B51"]
[WhiteElo "2315"]
[BlackElo "2207"]
[Annotator "NA"]
[PlyCount "83"]
[EventDate "2018.??.??"]
[EventCountry "CZE"]
[SourceTitle "playchess.com"]
[Source "ChessBase"]
[SourceQuality "1"]
[TimeControl "40/5400+30:900+30"]

1. e4 c5 2. Nf3 d6 3. Bb5+ Nd7 4. O-O a6 5. Bd3 Ngf6 6. Re1 e6 7. c3 b5 8. Bc2 Bb7 9. d4 Be7 10. Nbd2 O-O 11. Nf1 Qc7 12. Ng3 cxd4 13. cxd4 Rac8 14. Bd3 Rfe8 15. Bd2 e5 16. d5 Nc5 17. Bc2 g6 18. Rc1 Bf8 19. h3 Bg7 20. Nh2 h5 21. Qf3 a5 22. Nhf1 Nfd7 23. Nxh5 gxh5 24. Ng3 Nf8 25. Nf5 Ng6 26. Qxh5 Nd7 27. Bd3 Qb6 28. Qe2 Rxc1 29. Rxc1 Rc8 30. Bxb5 Rxc1+ 31. Bxc1 Nc5 32. Be3 Bc8 33. a4 Qc7 34. Qg4 Kf8 35. h4 Bxf5 36. exf5 Nf4 37. h5 Bf6 38. h6 Qd8 39. h7 Ke7 40. Qg8 Ne4 41. g3 Nxd5 42. Bc4 1-0

[Event "CZE-ch Open 2018"]
[Site "Ostrava"]
[Date "2018.05.05"]
[Round "8"]
[White "Malik, Jan"]
[Black "Konopka, Michal"]
[Result "1/2-1/2"]
[ECO "C42"]
[WhiteElo "2284"]
[BlackElo "2373"]
[Annotator "NA"]
[PlyCount "29"]
[EventDate "2018.??.??"]
[EventCountry "CZE"]
[SourceTitle "playchess.com"]
[Source "ChessBase"]
[SourceQuality "1"]
[TimeControl "40/5400+30:900+30"]

1. e4 e5 2. Nf3 Nf6 3. Nxe5 d6 4. Nf3 Nxe4 5. d3 Nf6 6. d4 Be7 7. Bd3 O-O 8. h3 c5 9. O-O Nc6 10. c3 Re8 11. Re1 Bd7 12. Nbd2 cxd4 13. Nxd4 Nxd4 14. cxd4 Bf8 15. Ne4 1/2-1/2

[Event "CZE-ch Open 2018"]
[Site "Ostrava"]
[Date "2018.05.05"]
[Round "8"]
[White "Miesbauer, Jan"]
[Black "Lechtynsky, Jiri"]
[Result "1/2-1/2"]
[ECO "A50"]
[WhiteElo "2261"]
[BlackElo "2349"]
[Annotator "NA"]
[PlyCount "50"]
[EventDate "2018.??.??"]
[EventCountry "CZE"]
[SourceTitle "playchess.com"]
[Source "ChessBase"]
[SourceQuality "1"]
[TimeControl "40/5400+30:900+30"]

1. d4 Nf6 2. c4 c6 3. Nf3 d5 4. Qc2 g6 5. Bf4 Bf5 6. Qb3 Qb6 7. e3 Nbd7 8. Nc3 Bg7 9. Qxb6 Nxb6 10. cxd5 Nbxd5 11. Nxd5 Nxd5 12. Be5 Bxe5 13. Nxe5 Nb4 14. Kd2 f6 15. Nc4 O-O-O 16. a3 Na6 17. Kc3 c5 18. dxc5 Nxc5 19. f3 Kb8 20. e4 Be6 21. Be2 Rc8 22. a4 Rhd8 23. Rhc1 b6 24. b3 Kb7 25. Rd1 a5 {Kd4} 1/2-1/2

[Event "CZE-ch Open 2018"]
[Site "Ostrava"]
[Date "2018.05.05"]
[Round "8"]
[White "Vybiral, Zdenek"]
[Black "Hausner, Ivan"]
[Result "1/2-1/2"]
[ECO "B06"]
[WhiteElo "2261"]
[BlackElo "2334"]
[Annotator "NA"]
[PlyCount "83"]
[EventDate "2018.??.??"]
[EventCountry "CZE"]
[SourceTitle "playchess.com"]
[Source "ChessBase"]
[SourceQuality "1"]
[TimeControl "40/5400+30:900+30"]

1. d4 g6 2. e4 Bg7 3. c4 d6 4. Ne2 e5 5. Be3 Nf6 6. f3 O-O 7. Nbc3 exd4 8. Nxd4 c6 9. Be2 Re8 10. Bf2 d5 11. exd5 cxd5 12. c5 Nc6 13. O-O Nxd4 14. Bxd4 Be6 15. Qd2 Nh5 16. Rad1 Qh4 17. Rfe1 Bxd4+ 18. Qxd4 Qxd4+ 19. Rxd4 Rac8 20. Bb5 Red8 21. b4 b6 22. Na4 Ng7 23. g4 bxc5 24. Nxc5 Rd6 25. Ba4 h5 26. h3 hxg4 27. hxg4 Rc7 28. Kf2 Bc8 29. Bb3 Ne6 30. Nxe6 Bxe6 31. Kg3 Rb6 32. Red1 Rcb7 33. Bxd5 Bxd5 34. Rxd5 Rxb4 35. R1d2 Ra4 36. g5 Kg7 37. Rd6 Rb5 38. f4 Rf5 39. Rf2 Ra3+ 40. Kg4 Rfa5 41. Rdd2 R5a4 42. Rc2 1/2-1/2

[Event "CZE-ch Open 2018"]
[Site "Ostrava"]
[Date "2018.05.05"]
[Round "8"]
[White "Jedlicka, Ales"]
[Black "Sramek, Vojtech"]
[Result "1-0"]
[ECO "D47"]
[WhiteElo "2238"]
[BlackElo "2145"]
[Annotator "NA"]
[PlyCount "43"]
[EventDate "2018.??.??"]
[EventCountry "CZE"]
[SourceTitle "playchess.com"]
[Source "ChessBase"]
[SourceQuality "1"]
[TimeControl "40/5400+30:900+30"]

1. d4 d5 2. c4 c6 3. Nf3 Nf6 4. Nc3 e6 5. e3 Nbd7 6. Bd3 dxc4 7. Bxc4 b5 8. Bd3 Bb7 9. e4 b4 10. Na4 c5 11. e5 Nd5 12. O-O cxd4 13. Nxd4 Nxe5 14. Bb5+ Nd7 15. Re1 g6 16. Nc6 Qc7 17. Qxd5 Be7 18. Qd4 Bf6 19. Ne5 O-O-O 20. Bxd7+ Rxd7 21. Qxd7+ Qxd7 22. Nxd7 1-0

[Event "CZE-ch Open 2018"]
[Site "Ostrava"]
[Date "2018.05.05"]
[Round "8"]
[White "Belunek, Vladimir"]
[Black "Tuma, Jiri"]
[Result "0-1"]
[ECO "A61"]
[WhiteElo "2216"]
[BlackElo "2296"]
[Annotator "NA"]
[PlyCount "80"]
[EventDate "2018.??.??"]
[EventCountry "CZE"]
[SourceTitle "playchess.com"]
[Source "ChessBase"]
[SourceQuality "1"]
[TimeControl "40/5400+30:900+30"]

1. d4 Nf6 2. c4 c5 3. d5 e6 4. Nc3 exd5 5. cxd5 d6 6. Nf3 g6 7. Bf4 Bg7 8. Qa4+ Bd7 9. Qb3 b5 10. Bxd6 Qb6 11. Bg3 O-O 12. e3 c4 13. Qb4 Na6 14. Qd6 Qa5 15. Nd2 Rad8 16. Bxc4 Ne8 17. Qf4 bxc4 18. O-O Bxc3 19. bxc3 Qxd5 20. Ne4 Bf5 21. Ng5 Bd3 22. e4 Qd7 23. Qh4 h5 24. Rfe1 Ng7 25. e5 Nc5 26. e6 Ncxe6 27. Nxe6 fxe6 28. Be5 Qf7 29. f4 Rd7 30. h3 Nf5 31. Qg5 h4 32. Kh2 Kh7 33. Rg1 Qe7 34. Qg4 Ng3 35. Rae1 Bf5 36. Qf3 Rc8 37. Rd1 Rxd1 38. Rxd1 Bd3 39. Qf2 Nf5 40. Qf3 Ng3 0-1

[Event "CZE-ch Open 2018"]
[Site "Ostrava"]
[Date "2018.05.05"]
[Round "8"]
[White "Bartos, Jan"]
[Black "Bures, Martin"]
[Result "1/2-1/2"]
[ECO "D37"]
[WhiteElo "2198"]
[BlackElo "2100"]
[Annotator "NA"]
[PlyCount "47"]
[EventDate "2018.??.??"]
[EventCountry "CZE"]
[SourceTitle "playchess.com"]
[Source "ChessBase"]
[SourceQuality "1"]
[TimeControl "40/5400+30:900+30"]

1. d4 Nf6 2. c4 e6 3. Nf3 d5 4. Nc3 a6 5. cxd5 exd5 6. Bg5 Be6 7. e3 Nbd7 8. Be2 h6 9. Bh4 Bd6 10. O-O Qe7 11. Qc2 g5 12. Bg3 Bxg3 13. hxg3 Qd6 14. Rfc1 c6 15. a4 a5 16. Rab1 O-O 17. b3 Rfe8 18. Rb2 Bg4 19. Bd3 Re7 20. Nh2 Bh5 21. Bf5 Kg7 22. Rcb1 Bg6 23. Bxg6 fxg6 24. Nf3 1/2-1/2

[Event "CZE-ch Open 2018"]
[Site "Ostrava"]
[Date "2018.05.05"]
[Round "8"]
[White "Gnida, Patrik"]
[Black "Jelinek, Michal"]
[Result "0-1"]
[ECO "D43"]
[WhiteElo "2165"]
[BlackElo "2134"]
[Annotator "NA"]
[PlyCount "72"]
[EventDate "2018.??.??"]
[EventCountry "CZE"]
[SourceTitle "playchess.com"]
[Source "ChessBase"]
[SourceQuality "1"]
[TimeControl "40/5400+30:900+30"]

1. c4 Nf6 2. Nc3 e6 3. Nf3 d5 4. d4 c6 5. Bf4 Nbd7 6. e3 Be7 7. c5 O-O 8. Bd3 Re8 9. O-O Nf8 10. h3 Ng6 11. Bh2 Nd7 12. b4 Bf6 13. Qc2 e5 14. dxe5 Ndxe5 15. Nxe5 Bxe5 16. Bxe5 Rxe5 17. Rae1 Qe7 18. Ne2 Bd7 19. Nd4 Nh4 20. Qe2 Rg5 21. g4 f5 22. f4 Rg6 23. Kh1 Rf8 24. Rg1 fxg4 25. Bxg6 hxg6 26. hxg4 Qe4+ 27. Kh2 g5 28. f5 Rf6 29. Rg3 Rh6 30. Rh3 g6 31. Qf2 gxf5 32. Rf1 f4 33. exf4 Bxg4 34. fxg5 Nf3+ 35. Qxf3 Rxh3+ 36. Qxh3 Bxh3 0-1

[Event "CZE-ch Open 2018"]
[Site "Ostrava"]
[Date "2018.05.05"]
[Round "8"]
[White "Kolar, Stanislav"]
[Black "Vystrcil, Martin"]
[Result "0-1"]
[ECO "E91"]
[WhiteElo "2091"]
[BlackElo "2146"]
[Annotator "ChessBase"]
[PlyCount "100"]
[EventDate "2018.??.??"]
[EventCountry "CZE"]
[SourceTitle "playchess.com"]
[Source "ChessBase"]
[SourceQuality "1"]
[TimeControl "40/5400+30:900+30"]

1. Nf3 Nf6 2. c4 g6 3. Nc3 Bg7 4. d4 d6 5. e4 O-O 6. Be2 Nbd7 7. O-O e5 8. dxe5 dxe5 9. Qc2 c6 10. Be3 Re8 11. h3 Qc7 12. Rfd1 Bf8 13. Rd2 Bc5 14. Bxc5 Nxc5 15. Rad1 a5 16. b3 Nh5 17. a3 Nf4 18. Bf1 a4 19. bxa4 Qa5 20. g3 Nh5 21. Kg2 f6 22. Rd6 Rf8 23. Qc1 Ng7 24. Qe3 Nge6 25. h4 Qc7 26. R6d2 Nxa4 27. Nxa4 Rxa4 28. Rc1 Qa5 29. Rc3 Nc5 30. Rdc2 Be6 31. Nd2 Ra8 32. f4 Rxa3 33. fxe5 Rxc3 34. Rxc3 fxe5 35. Rc2 Qa4 36. Qc3 Bg4 37. Rb2 Re8 38. Qe3 Qa1 39. Rc2 Qd4 40. Rc3 Rd8 41. Nf3 Bxf3+ 42. Qxf3 Rf8 43. Qe3 Nxe4 44. Rd3 Qb2+ 45. Kg1 Qa1 46. Qe2 Nc3 47. Qg2 e4 48. Rd7 e3 49. Qh3 Ne2+ 50. Kh2 Rf2+ 0-1

[Event "CZE-ch Open 2018"]
[Site "Ostrava"]
[Date "2018.05.05"]
[Round "8"]
[White "Kopriva, Martin"]
[Black "Kana, Pavel"]
[Result "1/2-1/2"]
[ECO "D02"]
[WhiteElo "2071"]
[BlackElo "2024"]
[Annotator "NA"]
[PlyCount "42"]
[EventDate "2018.??.??"]
[EventCountry "CZE"]
[SourceTitle "playchess.com"]
[Source "ChessBase"]
[SourceQuality "1"]
[TimeControl "40/5400+30:900+30"]

1. d4 d5 2. Bf4 Nf6 3. Nf3 c5 4. e3 Nc6 5. Be2 Qb6 6. Nc3 a6 7. dxc5 Qxc5 8. O-O e6 9. Nd4 Be7 10. Nb3 Qb6 11. a4 Na5 12. Nxa5 Qxa5 13. Bd3 Bd7 14. h3 Bc6 15. Ne2 Rc8 16. c3 O-O 17. Nd4 Qd8 18. b4 Be8 19. Qb3 Bd6 20. Bxd6 Qxd6 21. Rfc1 Bd7 1/2-1/2

[Event "CZE-ch Open 2018"]
[Site "Ostrava"]
[Date "2018.05.05"]
[Round "8"]
[White "Malinovsky, Petr"]
[Black "Freisler, Pavel"]
[Result "0-1"]
[ECO "E47"]
[WhiteElo "2006"]
[BlackElo "2266"]
[Annotator "ChessBase"]
[PlyCount "122"]
[EventDate "2018.??.??"]
[EventCountry "CZE"]
[SourceTitle "playchess.com"]
[Source "ChessBase"]
[SourceQuality "1"]
[TimeControl "40/5400+30:900+30"]

1. d4 Nf6 2. c4 e6 3. Nc3 Bb4 4. e3 O-O 5. Bd3 c5 6. Nge2 d5 7. O-O cxd4 8. exd4 dxc4 9. Bxc4 Nc6 10. Bg5 Be7 11. a3 a6 12. Ba2 b5 13. b4 Bb7 14. Rc1 a5 15. Nxb5 axb4 16. a4 Nd5 17. Bxe7 Ncxe7 18. Bb3 Qb6 19. Qd2 Rfc8 20. Nf4 Nxf4 21. Qxf4 Bd5 22. Qe3 g6 23. h3 Bxb3 24. Qxb3 Nd5 25. Rc2 Qa6 26. Ra1 Rxc2 27. Qxc2 Rc8 28. Qb2 h5 29. Qb3 Rc6 30. Qg3 Qb6 31. Qb3 Kg7 32. Qb2 Rc4 33. Qb3 Qc6 34. Qg3 Rc2 35. Nd6 Qc3 36. Qxc3 Nxc3 37. Nb5 Ne2+ 38. Kf1 b3 39. Rb1 b2 40. Na3 Nc3 41. Nxc2 Nxb1 42. Ke1 Nc3 43. Na3 Nxa4 44. Kd2 Kf6 45. Kc2 Kf5 46. Kb3 Nb6 47. Kxb2 Ke4 48. Kc2 Kxd4 49. Nb5+ Ke5 50. Kd3 Nd5 51. g3 h4 52. Nd4 hxg3 53. fxg3 f5 54. Nf3+ Kf6 55. Kd4 Nb4 56. Ke3 e5 57. g4 Nd5+ 58. Kf2 e4 59. g5+ Ke6 60. Ne1 f4 61. h4 Kf5 0-1

[Event "CZE-ch Open 2018"]
[Site "Ostrava"]
[Date "2018.05.05"]
[Round "8"]
[White "Benes, Miroslav"]
[Black "Cerveny, Martin"]
[Result "0-1"]
[ECO "B52"]
[WhiteElo "2004"]
[BlackElo "2379"]
[Annotator "NA"]
[PlyCount "88"]
[EventDate "2018.??.??"]
[EventCountry "CZE"]
[SourceTitle "playchess.com"]
[Source "ChessBase"]
[SourceQuality "1"]
[TimeControl "40/5400+30:900+30"]

1. e4 c5 2. Nf3 d6 3. Bb5+ Bd7 4. Bxd7+ Qxd7 5. c4 Nf6 6. Nc3 Nc6 7. d4 cxd4 8. Nxd4 Qg4 9. O-O Qxd1 10. Rxd1 Rc8 11. Nde2 Rg8 12. b3 g5 13. Ba3 h5 14. Rac1 h4 15. c5 dxc5 16. Bxc5 e6 17. Bxf8 Kxf8 18. h3 Ke7 19. f3 Nh5 20. Nb5 Rgd8 21. Kf2 Nf4 22. Nxf4 gxf4 23. a3 a6 24. Nd4 Nxd4 25. Rxc8 Rxc8 26. Rxd4 Rc2+ 27. Kf1 f6 28. Rb4 b5 29. a4 Rc5 30. Rd4 e5 31. Rd3 Rc1+ 32. Kf2 bxa4 33. bxa4 Rc2+ 34. Kf1 Ra2 35. Rb3 Rxa4 36. Rb6 Ra2 37. Kg1 a5 38. Ra6 a4 39. Kh2 Ra1 40. Ra7+ Kd6 41. Ra8 Kc5 42. Rb8 a3 43. Rb7 Kc4 44. Rb8 Rd1 0-1

[Event "CZE-ch Open 2018"]
[Site "Ostrava"]
[Date "2018.05.06"]
[Round "9"]
[White "Konopka, Michal"]
[Black "Miesbauer, Jan"]
[Result "1/2-1/2"]
[ECO "E18"]
[WhiteElo "2373"]
[BlackElo "2261"]
[Annotator "NA"]
[PlyCount "80"]
[EventDate "2018.??.??"]
[EventCountry "CZE"]
[SourceTitle "playchess.com"]
[Source "ChessBase"]
[SourceQuality "1"]
[TimeControl "40/5400+30:900+30"]

1. d4 Nf6 2. Nf3 e6 3. g3 b6 4. Bg2 Bb7 5. O-O Be7 6. c4 O-O 7. Nc3 Ne4 8. Bd2 Bf6 {[%emt 0:02:26] LiveBook: 692 Games} 9. Be1 d5 10. Qc2 Nd6 11. cxd5 $14 exd5 12. Ne5 c6 13. Bd2 Bxe5 14. dxe5 Nc4 15. f4 f6 16. exf6 Qxf6 17. e4 Qd4+ 18. Rf2 Na6 19. Rd1 Nb4 20. Qb1 Qd3 21. exd5 cxd5 22. Be1 Qxb1 23. Nxb1 a5 24. Bxb4 axb4 25. Bxd5+ Bxd5 26. Rxd5 Rxa2 27. Rd4 Rc8 28. b3 Ra1 29. bxc4 Rxb1+ 30. Rf1 Rxf1+ 31. Kxf1 Rc5 32. Ke2 b5 33. cxb5 Rxb5 34. Kd2 b3 35. Kc1 Rc5+ 36. Kb2 Rc2+ 37. Kxb3 Rxh2 38. Kc4 Rg2 39. Rd3 Kf7 40. Kd4 Re2 1/2-1/2

[Event "CZE-ch Open 2018"]
[Site "Ostrava"]
[Date "2018.05.06"]
[Round "9"]
[White "Lechtynsky, Jiri"]
[Black "Malik, Jan"]
[Result "1/2-1/2"]
[ECO "D02"]
[WhiteElo "2349"]
[BlackElo "2284"]
[Annotator "NA"]
[PlyCount "57"]
[EventDate "2018.??.??"]
[EventCountry "CZE"]
[SourceTitle "playchess.com"]
[Source "ChessBase"]
[SourceQuality "1"]
[TimeControl "40/5400+30:900+30"]

1. Nf3 d5 2. d4 Nf6 3. c4 c6 4. Qc2 g6 5. Bf4 Bg7 6. e3 O-O 7. Nc3 Na6 8. a3 {[%emt 0:01:53] D93: Grünfeld: 4 Nf3 Bg7 5 Bf4 0-0 6 e3} (8. cxd5 Nb4 9. Qb3 Nbxd5 10. Be5 Qb6 11. Bc4 Qxb3 12. Bxb3 Nxc3 13. bxc3 Ne4 14. Rc1 b6 15. Bxg7 Kxg7 16. Ne5 {½-½ (40) Fridman,D (2637)-Malakhatko,V (2536) Karlsruhe 2018}) 8... c5 {[%emt 0:00:54] LiveBook: 9 Games} 9. cxd5 cxd4 10. Nxd4 $146 ({Predecessor:} 10. exd4 Nxd5 11. Nxd5 Qxd5 12. Bc4 Qa5+ 13. Qd2 Qxd2+ 14. Kxd2 {1-0 (43) Jakobsen,O (2389)-Hector,J (2515) Malmo 2003}) 10... Nxd5 11. Bg3 Nxc3 12. Qxc3 Qb6 13. Be2 Nc5 14. f3 Ne6 15. Rd1 Nxd4 16. exd4 Bf5 17. Bc7 Qf6 18. Qe3 Rac8 19. Be5 Qb6 20. Bxg7 Kxg7 21. Rd2 Rfe8 (21... Rc1+ $17 22. Bd1 Rd8) 22. Kf2 Qd6 23. g4 Bd7 24. h4 Qe6 25. Qxe6 Bxe6 $11 26. d5 Bd7 27. Re1 Rc5 28. Bf1 Kf8 29. Re4 1/2-1/2

[Event "CZE-ch Open 2018"]
[Site "Ostrava"]
[Date "2018.05.06"]
[Round "9"]
[White "Hausner, Ivan"]
[Black "Mladek, Richard"]
[Result "0-1"]
[ECO "E63"]
[WhiteElo "2334"]
[BlackElo "2136"]
[Annotator "NA"]
[PlyCount "83"]
[EventDate "2018.??.??"]
[EventCountry "CZE"]
[SourceTitle "playchess.com"]
[Source "ChessBase"]
[SourceQuality "1"]
[TimeControl "40/5400+30:900+30"]

1. Nf3 Nf6 2. g3 g6 3. Bg2 Bg7 4. c4 O-O 5. O-O d6 6. Nc3 Nc6 7. d4 a6 8. d5 Na5 9. Nd2 c5 10. Qc2 b5 11. cxb5 {[%emt 0:00:41] E66: King's Indian: Fianchetto: 6...c5 7 0-0 Nc6 8 d5} axb5 12. Nxb5 Qb6 13. Nc3 Bf5 {[%emt 0:00:30] LiveBook: 15 Games} 14. e4 (14. Qd1) 14... Bc8 15. Re1 Ng4 16. Nf1 $146 ({Predecessor:} 16. h3 Ne5 17. Bf1 Ba6 18. Kg2 Bxf1+ 19. Nxf1 {½-½ (50) Freisler,P (2278)-Hansch,K (2239) Pardubice 2015}) 16... Ba6 17. Ne3 Ne5 18. Rd1 c4 19. Bd2 Rfc8 20. Ne2 {[%emt 0:04:28] [#]} ({White should try} 20. h3 $11) 20... Nb3 $1 21. Rab1 Nxd2 22. Rxd2 Nd3 23. Nc3 Rab8 24. Ned1 Bd4 25. Re2 Rc7 26. h3 Rcb7 27. Bf1 h5 28. h4 Rc7 29. Bh3 Be5 30. Kh2 Qd4 31. Qd2 Rcb7 32. Bf1 Qc5 33. Kg2 Qa5 34. Qe3 Bxc3 35. Nxc3 $15 Nxb2 36. e5 Nd3 37. Rxb7 Bxb7 38. exd6 Qxc3 39. Qa7 Bxd5+ 40. Kg1 Rb1 41. dxe7 Rxf1+ 42. Kh2 0-1

[Event "CZE-ch Open 2018"]
[Site "Ostrava"]
[Date "2018.05.06"]
[Round "9"]
[White "Michenka, Jozef"]
[Black "Toman, Jaroslav"]
[Result "0-1"]
[ECO "E90"]
[WhiteElo "2328"]
[BlackElo "2233"]
[Annotator "NA"]
[PlyCount "75"]
[EventDate "2018.??.??"]
[EventCountry "CZE"]
[SourceTitle "playchess.com"]
[Source "ChessBase"]
[SourceQuality "1"]
[TimeControl "40/5400+30:900+30"]

1. d4 g6 2. e4 d6 3. c4 Nf6 4. Nc3 Bg7 5. Nf3 O-O 6. h3 c5 7. d5 e6 8. Bd3 exd5 9. exd5 Re8+ 10. Be3 Nh5 11. O-O {[%emt 0:02:01] LiveBook: 83 Games} Ng3 (11... Nd7 $14) 12. Re1 ({Resist} 12. fxg3 $6 Rxe3 13. Qd2 Bh6 $14) 12... Nf5 {[%emt 0:00:29] [#]} 13. Bg5 (13. Bf4 $1 $18) 13... Rxe1+ 14. Qxe1 f6 15. Bf4 Nh6 16. Qe3 $16 Nf7 17. Re1 Bd7 18. Ne4 Qf8 19. b4 b6 20. bxc5 bxc5 21. Bxd6 Nxd6 22. Nxc5 Bc8 23. Nd4 Na6 24. Nce6 Qf7 25. c5 Nxc5 26. Nxc5 Qxd5 27. Rc1 Bh6 28. Qxh6 Qxd4 29. Bxg6 hxg6 30. Qxg6+ Kf8 31. Qh6+ Kg8 32. Qg6+ Kf8 33. Qh6+ Kg8 34. Nb3 Qd5 35. Qg6+ Kf8 36. Qh6+ Kg8 37. Qg6+ Kf8 38. Qxf6+ 0-1

[Event "CZE-ch Open 2018"]
[Site "Ostrava"]
[Date "2018.05.06"]
[Round "9"]
[White "Tuma, Jiri"]
[Black "Cerveny, Martin"]
[Result "1/2-1/2"]
[ECO "B20"]
[WhiteElo "2296"]
[BlackElo "2379"]
[Annotator "NA"]
[PlyCount "118"]
[EventDate "2018.??.??"]
[EventCountry "CZE"]
[SourceTitle "playchess.com"]
[Source "ChessBase"]
[SourceQuality "1"]
[TimeControl "40/5400+30:900+30"]

1. e4 c5 2. b4 cxb4 3. a3 d5 4. exd5 Qxd5 5. Nf3 e5 6. c4 {[%emt 0:00:44] LiveBook: 16 Games B20: Sicilian: Unusual White 2nd moves} (6. axb4 Bxb4 7. Na3 Nc6 8. Nb5 Qd8 9. c3 Be7 10. d4 exd4 11. Bf4 Kf8 12. Bc4 Bg4 13. O-O a6 14. Nbxd4 Nxd4 15. cxd4 {½-½ (59) Williams,S (2439)-Dragun,K (2564) London 2015}) 6... Qe6 7. Bd3 Nc6 8. O-O Be7 9. Re1 Nf6 10. Bb2 bxa3 $146 ({Predecessor:} 10... Qd6 $11 11. Qc2 (11. Qb3 O-O 12. Nxe5 Be6 13. axb4 Rfd8 14. Nxc6 bxc6 {½-½ (64) Bobel,P (2293)-Teeriaho,T (2402) ICCF email 2013}) 11... O-O) 11. Nxa3 O-O 12. Nxe5 Bc5 13. Nf3 Qd6 14. Bf1 Bg4 15. Nb5 Qf4 16. d4 Rfd8 17. Qc1 Qxc1 18. Rexc1 Bf8 19. d5 Bxf3 20. gxf3 Ne7 21. Nxa7 Nf5 22. Nb5 Rxa1 23. Rxa1 Nh5 $18 (23... Bc5 $16 24. Be5 Nh4) 24. Ra7 b6 25. Ba3 Bxa3 26. Rxa3 Nf4 27. Ra6 h5 28. Rxb6 Re8 29. Nd6 Nxd6 30. Rxd6 h4 31. h3 Re1 32. Rd8+ Kh7 33. c5 Ne2+ 34. Kg2 Nf4+ 35. Kg1 Ne2+ 36. Kg2 Nf4+ 37. Kg1 Re5 38. c6 Nxd5 39. Rd7 Nf6 40. Bd3+ Kh6 41. Rxf7 Rc5 42. Be4 Nxe4 43. fxe4 Rxc6 44. Kg2 g5 45. Kf3 Kg6 46. Rf8 Rc1 47. Rg8+ Kf6 48. Kg4 Re1 49. Rf8+ Kg6 50. Rg8+ Kf6 51. Rf8+ Kg6 52. Rg8+ Kf6 53. Kh5 Rxe4 54. Rg6+ Kf7 55. Rxg5 Rf4 56. Rg2 Kf6 57. Rg8 Kf7 58. Rg4 Rxf2 59. Kxh4 Rf3 1/2-1/2

[Event "CZE-ch Open 2018"]
[Site "Ostrava"]
[Date "2018.05.06"]
[Round "9"]
[White "Freisler, Pavel"]
[Black "Simek, Petr"]
[Result "1/2-1/2"]
[ECO "D37"]
[WhiteElo "2266"]
[BlackElo "2378"]
[Annotator "NA"]
[PlyCount "96"]
[EventDate "2018.??.??"]
[EventCountry "CZE"]
[SourceTitle "playchess.com"]
[Source "ChessBase"]
[SourceQuality "1"]
[TimeControl "40/5400+30:900+30"]

1. Nf3 d5 2. d4 Nf6 3. c4 e6 4. Nc3 dxc4 5. e4 Bb4 6. Bg5 c5 7. Bxc4 cxd4 8. Nxd4 Bxc3+ 9. bxc3 {[%emt 0:00:23] LiveBook: 678 Games} Qa5 10. Nb5 a6 {[%emt 0:15:15] D39: Queen's Gambit Declined: Ragozin Defence with 5 Bg5 dxc4} (10... Nxe4 11. Qd4 O-O 12. Qxe4 a6 13. Be7 axb5 14. Bb4 Qc7 15. Bxf8 Kxf8 16. Bb3 Qxc3+ 17. Ke2 Qb2+ 18. Ke3 Qc3+ 19. Ke2 Qb2+ 20. Ke3 Qc3+ 21. Ke2 Qb2+ {½-½ (21) Zhou,J (2613)-Wei,Y (2727) China 2017}) 11. Bxf6 (11. Nd6+ $11 Ke7 12. Qd2) 11... gxf6 12. Nd6+ Ke7 13. O-O Qc5 $146 ({Predecessor:} 13... Nc6 14. Bb3 Rd8 15. Nxc8+ Raxc8 16. Qe2 Qxc3 17. Qh5 Qe5 18. Qh4 {0-1 (38) Srivastava,Y (2290)-Crouch,C (2410) Kolkata 1994}) 14. Nxc8+ Rxc8 15. Bb3 Nc6 16. Rc1 $17 (16. Kh1 $11 {keeps the balance.}) 16... Rd8 17. Qe2 Rd7 18. Kh1 Rad8 19. Rc2 Rd3 20. f4 Qe3 21. Qh5 Qxe4 22. Re2 Qg6 23. Qc5+ R3d6 24. f5 Qg4 25. Ree1 Ne5 26. fxe6 fxe6 27. Rxf6 Kxf6 28. Qxe5+ Ke7 29. h3 Qg6 30. Re4 Rg8 31. Re2 Qf6 32. Qe4 Kd8 33. Qxb7 Qf1+ 34. Kh2 Qxe2 35. Qb8+ Ke7 36. Qxg8 Qe5+ 37. Kg1 Qe1+ 38. Kh2 Qe5+ 39. Kg1 h5 40. Qh7+ Kd8 41. Qf7 Rd7 42. Qf8+ Kc7 43. Qa8 Rg7 44. Bxe6 a5 45. c4 Kd6 46. Bd5 Qe1+ 47. Kh2 Qg3+ 48. Kh1 Qe1+ 1/2-1/2

[Event "CZE-ch Open 2018"]
[Site "Ostrava"]
[Date "2018.05.06"]
[Round "9"]
[White "Belunek, Vladimir"]
[Black "Benes, Miroslav"]
[Result "0-1"]
[ECO "A73"]
[WhiteElo "2216"]
[BlackElo "2004"]
[Annotator "NA"]
[PlyCount "61"]
[EventDate "2018.??.??"]
[EventCountry "CZE"]
[SourceTitle "playchess.com"]
[Source "ChessBase"]
[SourceQuality "1"]
[TimeControl "40/5400+30:900+30"]

1. c4 Nf6 2. Nc3 g6 3. d4 Bg7 4. e4 d6 5. Be2 O-O 6. Nf3 c5 7. d5 e6 8. O-O exd5 9. cxd5 Bg4 10. Re1 {[%emt 0:08:04] LiveBook: 8 Games} Bxf3 11. Bxf3 Nbd7 {[%emt 0:00:37] A70: Modern Benoni: 6 e4 g6 7 Nf3} 12. Be2 Re8 13. Bf1 $146 ({Predecessor:} 13. Qc2 a6 14. a4 Qc7 15. a5 Re7 16. Bg5 h6 17. Be3 Rae8 18. f3 Nf8 19. Qd2 {1-0 (39) Fernandes,A (2469)-Maze,S (2364) Lisbon 2002}) 13... a6 14. a4 Nh5 15. g4 Nhf6 $1 16. h3 h5 17. g5 Nh7 18. f4 f6 {[%emt 0:05:35] [#]} 19. h4 $1 Rf8 20. Bh3 fxg5 21. hxg5 Bd4+ 22. Kh1 Qe7 {[%emt 0:07:23] [#]} 23. Qd3 $17 (23. Be6+ $1 $18 Kh8 24. Ne2) 23... Nxg5 24. fxg5 Ne5 25. Qd1 Rf2 26. Re2 Raf8 27. Rxf2 Rxf2 28. Be6+ Kh8 29. Ne2 Nf3 30. Bf4 Qxg5 31. Bg3 0-1

[Event "CZE-ch Open 2018"]
[Site "Ostrava"]
[Date "2018.05.06"]
[Round "9"]
[White "Skalsky, Alexandr"]
[Black "Vokac, Marek"]
[Result "0-1"]
[ECO "B06"]
[WhiteElo "2207"]
[BlackElo "2390"]
[Annotator "NA"]
[PlyCount "66"]
[EventDate "2018.??.??"]
[EventCountry "CZE"]
[SourceTitle "playchess.com"]
[Source "ChessBase"]
[SourceQuality "1"]
[TimeControl "40/5400+30:900+30"]

1. e4 g6 2. d4 Bg7 3. Nc3 c6 4. Be3 d5 5. e5 f6 6. f4 $1 Nh6 7. Nf3 Bg4 8. h3 Bxf3 $1 9. Qxf3 ({Of course not} 9. gxf3 Nf5 $15) 9... O-O 10. exf6 exf6 11. g4 f5 12. O-O-O Nd7 {[%emt 0:01:08] LiveBook: 6 Games} 13. Bd3 Nb6 14. Ne2 Qd7 $16 15. g5 Nf7 16. h4 Nd6 17. h5 Rfe8 18. Kb1 Re6 19. Rh2 Rae8 20. Bc1 Nbc4 21. Rdh1 Ne3 22. hxg6 hxg6 23. Rh7 Ng4 24. Qg2 Qe7 25. Ng1 Ne4 26. Nf3 Nef2 27. R1h4 Nxd3 28. cxd3 Re2 29. Qg1 Qb4 30. Ne5 Re1 31. Qg2 Rxc1+ 32. Kxc1 Qe1+ 33. Kc2 Ne3+ 0-1